 Dungeon Crawl Stone Soup version 0.28-a0-297-g99b01970c5 (webtiles) character file.

Game seed: 4347323392691824350

1300 Gargoyl the Skirmisher (level 8, 0/67 HPs)
             Began as a Gnoll Abyssal Knight on Aug 29, 2021.
             Was a Priest of Lugonu.
             Slain by a komodo dragon (3 damage)
             ... on level 6 of the Dungeon.
             The game lasted 00:06:02 (5170 turns).

Gargoyl the Skirmisher (Gnoll Abyssal Knight)       Turns: 5170, Time: 00:06:03

Health: 0/67       AC: 10    Str: 14    XL:     8   Next: 57%
Magic:  13/13      EV: 15    Int: 12    God:    Lugonu [***...]
Gold:   1026       SH:  0    Dex: 11    Spells: 13/13 levels left

rFire   . . .      SeeInvis .   a - +1 hand axe
rCold   . . .      Faith    .   (no shield)
rNeg    . . .      Spirit   .   c - +3 ring mail
rPois   .          Reflect  .   (no helmet)
rElec   .          Harm     .   s - +0 cloak
rCorr   .          Rampage  .   (no gloves)
Will    .....                   (no boots)
Stlth   ++........              (no amulet)
HPRegen 0.21/turn               t - +4 ring of evasion
MPRegen 0.13/turn               (no ring)

@: no status effects
A: fangs 1, strong nose, distributed training
a: Renounce Religion, Depart the Abyss, Bend Space, Banish


You were on level 6 of the Dungeon.
You worshipped Lugonu.
Lugonu was most pleased with you.
You visited 1 branch of the dungeon, and saw 6 of its levels.
You visited the Abyss 1 time.

You collected 1026 gold pieces.

Inventory:

Hand Weapons
 a - a +1 hand axe (weapon)
Missiles
 i - 24 poisoned darts (quivered)
Armour
 c - a +3 ring mail (worn)
 s - a +0 cloak (worn)
Jewellery
 e - a +4 ring of evasion
 t - a +4 ring of evasion (left hand)
Potions
 b - a potion of curing
 d - a potion of berserk rage
 h - a potion of haste {unknown}
 j - a potion of cancellation {unknown}
 k - a potion of mutation {unknown}
 l - a potion of might {unknown}
 o - 2 potions of lignification {unknown}
 q - a potion of degeneration {unknown}


   Skills:
 + Level 7.4 Fighting
 + Level 3.4 Short Blades
 + Level 3.4 Long Blades
 + Level 5.7 Axes
 + Level 3.4 Maces & Flails
 + Level 3.4 Polearms
 + Level 3.4 Staves
 + Level 3.4 Slings
 + Level 3.4 Bows
 + Level 3.4 Crossbows
 + Level 3.4 Throwing
 + Level 5.7 Armour
 + Level 4.3 Dodging
 + Level 3.4 Stealth
 + Level 3.4 Shields
 + Level 3.4 Unarmed Combat
 + Level 3.4 Spellcasting
 + Level 2.7 Conjurations
 + Level 2.7 Hexes
 + Level 2.7 Summonings
 + Level 2.7 Necromancy
 + Level 2.7 Translocations
 + Level 2.7 Transmutations
 + Level 2.7 Fire Magic
 + Level 2.7 Ice Magic
 + Level 2.7 Air Magic
 + Level 2.7 Earth Magic
 + Level 2.7 Poison Magic
 + Level 6.0 Invocations
 + Level 3.4 Evocations


You had 13 spell levels left.
You didn't know any spells.
Your spell library contained the following spells:

 Spells                   Type           Power      Damage    Failure   Level
 Stone Arrow              Conj/Erth      16%        3d8       41%         3
 Animate Armour           Summ/Erth      16%        N/A       82%         4
 Lehudib's Crystal Spear  Conj/Erth      4%         10d3      100%        8


Dungeon Overview and Level Annotations

Branches:
Dungeon (6/15)
 Temple: D:4-7

Altars:
Kikubaaqudgha
Nemelex Xobeh
Trog
Xom


Innate Abilities, Weirdness & Mutations

You have very sharp teeth.
Your uncanny sense of smell can sniff out nearby items.
Your experience applies equally to all skills.


Message History

The poisoned dart hits the komodo dragon.
The komodo dragon looks even sicker.
Throw: 25 darts (poison)
Press: ? - help, Q - select action, (/) - cycle Shift-Dir - straight line, f/p - komodo dragon
Aim: a komodo dragon (very poisoned, 68% to hit)
You throw a poisoned dart.
The poisoned dart hits the komodo dragon.
The komodo dragon looks even sicker.
You hit the komodo dragon but do no damage.
You punch the komodo dragon, but do no damage.
The komodo dragon is lightly wounded.
The komodo dragon bites you.
You hit the komodo dragon.
The komodo dragon is lightly wounded.
The komodo dragon closely misses you.
Unknown command.
You closely miss the komodo dragon.
The komodo dragon is lightly wounded.
The komodo dragon closely misses you.
Unknown command.
You hit the komodo dragon but do no damage.
You bite the komodo dragon, but do no damage.
The komodo dragon is lightly wounded.
The komodo dragon bites you!!
You hit the komodo dragon but do no damage.
The komodo dragon is lightly wounded.
The komodo dragon bites you!!
Unknown command.
You hit the komodo dragon but do no damage.
The komodo dragon is lightly wounded.
The komodo dragon bites you!!
* * * LOW HITPOINT WARNING * * *
Unknown command.
There is an open door here.
You see here 9 stones.
Okay, then.
Press: ? - help, Shift-Dir - straight line, f/p - komodo dragon
Aim: a komodo dragon (moderately wounded, poisoned, chance to affect: 71%)
You fail to use your ability.
The komodo dragon bites you.
You die...

#(...#
.....(.#.##
....####.#
(.# #.# .
##'##
##...##
##.....##
##...l...##
#<...@....#
+.........+
#.........#
##.......##
##.....##
##...##
##+##


You could see a komodo dragon (poisoned).

Vanquished Creatures
  Pikel (D:4)
  Sigmund (D:2)
  A wyvern (D:4)
  A necrophage (D:5)
  A lemure (D:4)
  A phantom (D:4)
  A scorpion (D:4)
  Crazy Yiuf (D:3)
  3 iguanas
  Terence (D:3)
  A hound zombie (D:5)
  9 adders
  An ufetubus (D:4)
  An adder skeleton (D:4)
  2 worms (D:2)
  9 orcs
  4 ball pythons
  9 endoplasms
  5 giant cockroaches
  7 goblins
  7 hobgoblins
  7 jackals
  7 kobolds
  4 quokkas
  8 bats
  3 frilled lizards
  7 rats
103 creatures vanquished.

Notes
Turn   | Place    | Note
-------+----------+-------------------------------------------
     0 | Abyss:1  | Gargoyl the Gnoll Abyssal Knight began the quest for the
                  | Orb.
     0 | Abyss:1  | Reached XP level 1. HP: 23/23 MP: 3/3
    76 | Abyss:2  | Noticed a large abomination
    81 | Abyss:2  | Noticed a small abomination
    88 | Abyss:2  | Noticed a wretched star
    91 | D:1      | Escaped the Abyss
   153 | D:1      | Reached XP level 2. HP: 16/29 MP: 5/5
   383 | D:1      | Reached * piety under Lugonu
   497 | D:1      | Reached XP level 3. HP: 32/35 MP: 6/6
   545 | D:1      | Found a faded altar of an unknown god.
  1235 | D:2      | Reached skill level 1 in Short Blades
  1235 | D:2      | Reached skill level 1 in Long Blades
  1235 | D:2      | Reached skill level 1 in Maces & Flails
  1235 | D:2      | Reached skill level 1 in Polearms
  1235 | D:2      | Reached skill level 1 in Staves
  1235 | D:2      | Reached skill level 1 in Slings
  1235 | D:2      | Reached skill level 1 in Bows
  1235 | D:2      | Reached skill level 1 in Crossbows
  1235 | D:2      | Reached skill level 1 in Throwing
  1235 | D:2      | Reached skill level 1 in Stealth
  1235 | D:2      | Reached skill level 1 in Shields
  1235 | D:2      | Reached skill level 1 in Unarmed Combat
  1235 | D:2      | Reached skill level 1 in Spellcasting
  1235 | D:2      | Reached skill level 1 in Evocations
  1327 | D:2      | Reached XP level 4. HP: 40/41 MP: 7/7
  1354 | D:2      | Reached ** piety under Lugonu
  1621 | D:2      | Reached skill level 1 in Conjurations
  1621 | D:2      | Reached skill level 1 in Hexes
  1621 | D:2      | Reached skill level 1 in Summonings
  1621 | D:2      | Reached skill level 1 in Necromancy
  1621 | D:2      | Reached skill level 1 in Translocations
  1621 | D:2      | Reached skill level 1 in Transmutations
  1621 | D:2      | Reached skill level 1 in Fire Magic
  1621 | D:2      | Reached skill level 1 in Ice Magic
  1621 | D:2      | Reached skill level 1 in Air Magic
  1621 | D:2      | Reached skill level 1 in Earth Magic
  1621 | D:2      | Reached skill level 1 in Poison Magic
  1972 | D:2      | Noticed Sigmund
  1982 | D:2      | Killed Sigmund
  1983 | D:2      | Reached skill level 5 in Invocations
  1983 | D:2      | Reached XP level 5. HP: 23/47 MP: 8/8
  1983 | D:2      | Reached XP level 6. HP: 26/53 MP: 9/9
  2637 | D:3      | Reached skill level 5 in Axes
  2637 | D:3      | Reached skill level 5 in Armour
  2701 | D:3      | Found a runed translucent door.
  2702 | D:3      | Noticed Crazy Yiuf
  2727 | D:3      | Noticed Terence
  2734 | D:3      | Killed Terence
  2796 | D:3      | Found a sparkling altar of Nemelex Xobeh.
  3464 | D:3      | Killed Crazy Yiuf
  3842 | D:4      | Noticed a wyvern
  3871 | D:4      | Killed a wyvern
  3871 | D:4      | Reached *** piety under Lugonu
  3872 | D:4      | Reached skill level 7 in Fighting
  3872 | D:4      | Reached XP level 7. HP: 42/60 MP: 9/11
  3899 | D:4      | Noticed Pikel
  3956 | D:4      | Killed Pikel
  3957 | D:4      | Reached XP level 8. HP: 17/67 MP: 12/12
  4268 | D:4      | Found an ancient bone altar of Kikubaaqudgha.
  4522 | D:5      | Entered Level 5 of the Dungeon
  4526 | D:5      | Identified a scroll of acquirement
  4526 | D:5      | Acquired 824 gold pieces
  4716 | D:5      | Found a shimmering altar of Xom.
  4733 | D:5      | Found a bloodstained altar of Trog.
  5150 | D:6      | Noticed a komodo dragon
  5161 | D:6      | HP: 1/67 [komodo dragon (22)]
  5170 | D:6      | Slain by a komodo dragon

Illustrated notes

Levels and vault maps discovered:
D:1:      shiori_shiawase, layout_basic, ebering_ecumenical_altar_webs
D:2:      layout_loops_ring, minmay_tromino_i2, uniq_sigmund
D:3:      layout_basic, nemelex_xobeh_ov_fountains_minmay, uniq_terence,
          uniq_crazy_yiuf_cottage
D:4:      layout_basic, mainiacjoe_overflow_alcove_4, kennysheep_small_spiral,
          uniq_pikel
D:5:      layout_rooms, mainiacjoe_overflow_alcove_2, xom_butterflies,
          corexii_hall_statues_x, uniq_menkaure
D:6:      layout_loops_corners, mainiacjoe_overflow_24_doors,
          gammafunk_ghost_cemetery, dk_noncrumbling_2, uniq_eustachio

Skill      XL: |  1  2  3  4  5  6  7  8 |
---------------+-------------------------+-----
Short Blades   | 1 2 3 |  3.4
Long Blades    | 1 2 3 |  3.4
Maces & Flails | 1 2 3 |  3.4
Polearms       | 1 2 3 |  3.4
Staves         | 1 2 3 |  3.4
Slings         | 1 2 3 |  3.4
Bows           | 1 2 3 |  3.4
Crossbows      | 1 2 3 |  3.4
Throwing       | 1 2 3 |  3.4
Stealth        | 1 2 3 |  3.4
Shields        | 1 2 3 |  3.4
Unarmed Combat | 1 2 3 |  3.4
Spellcasting   | 1 2 3 |  3.4
Evocations     | 1 2 3 |  3.4
Conjurations   | 1 2 |  2.7
Hexes          | 1 2 |  2.7
Summonings     | 1 2 |  2.7
Necromancy     | 1 2 |  2.7
Translocations | 1 2 |  2.7
Transmutations | 1 2 |  2.7
Fire Magic     | 1 2 |  2.7
Ice Magic      | 1 2 |  2.7
Air Magic      | 1 2 |  2.7
Earth Magic    | 1 2 |  2.7
Poison Magic   | 1 2 |  2.7
Dodging        | 3 4 |  4.3
Invocations    | 5 6 |  6.0
Axes           | 5 |  5.7
Armour         | 5 |  5.7
Fighting       | 7 |  7.4

Action                   |  1- 3 |  4- 6 |  7- 9 || total
-------------------------+-------+-------+-------++-------
Melee: Hand axe          |   127 |   200 |    94 ||   421
       Bite              |     7 |    18 |    14 ||    39
       Punch             |     1 |     3 |     2 ||     6
Throw: Dart              |       |    16 |    18 ||    34
Invok: Depart the Abyss  |     1 |       |       ||     1
  Use: Potion            |       |     2 |     1 ||     3
       Scroll            |       |       |     8 ||     8
Armor: Ring mail         |   118 |    89 |    26 ||   233
Dodge: Dodged            |   104 |   122 |    58 ||   284

Table legend: (Time is in decaauts)
 A = Elapsed time spent in this place.
 B = Non-inter-level travel time spent in this place.
 C = Inter-level travel time spent in this place.
 D = Time resting spent in this place.
 E = Time spent auto-exploring this place.
 F = Levels seen in this place.
 G = Mean time per level.
                   A        B        C        D        E       F      G
               +--------+--------+--------+--------+--------+-----+--------+
         Total |   5186 |   5059 |    127 |    370 |   3578 |   8 |  648.2 |
       Dungeon |   5095 |   4968 |    127 |    370 |   3541 |   6 |  849.2 |
         Abyss |     90 |     90 |      0 |      0 |     37 |   2 |   45.0 |
               +--------+--------+--------+--------+--------+-----+--------+

Top non-repeatable levels by time:
     D:2: 1380 daAuts
     D:1: 1092 daAuts
     D:4: 1020 daAuts
     D:3: 955 daAuts
     D:5: 616 daAuts
 Abyss:2: 66 daAuts
     D:6: 31 daAuts
 Abyss:1: 24 daAuts
